 Dungeon Crawl Stone Soup version 0.26-a0-450-ge645bd1 (webtiles) character file.

Game seed: 8750379361914328217

1716 Maxmaps the Shield-Bearer (level 9, -13/73 HPs)
             Began as a Gnoll Fighter on July 27, 2020.
             Was an Initiate of Gozag.
             Mangled by an ogre
             ... wielding a +0 giant spiked club
              (15 damage)
             ... on level 7 of the Dungeon.
             The game lasted 00:06:22 (5879 turns).

Maxmaps the Shield-Bearer (Gnoll Fighter)           Turns: 5879, Time: 00:06:23

Health: -13/73     AC: 14    Str: 19    XL:     9   Next: 4%
Magic:  14/14      EV:  8    Int: 13    God:    Gozag
Gold:   419        SH: 11    Dex: 15    Spells: 15/15 levels left

rFire    + . .     SeeInvis .   a - +0 war axe
rCold    x . .     Faith    +   c - +0 kite shield
rNeg     + + .     Spirit   .   i - +2 chain mail {rN+}
rPois    .         Reflect  .   q - +2 hat
rElec    .         Harm     .   (no cloak)
rCorr    .                      (no gloves)
MR       .....                  (no boots)
Stlth    ..........             t - amulet of faith
HPRegen  0.22/turn              k - ring of positive energy
MPRegen  0.14/turn              y - ring of fire

@: flying
A: distributed training, fangs 1, strong nose
a: Potion Petition, Call Merchant, Bribe Branch, Renounce Religion


You were on level 7 of the Dungeon.
You worshipped Gozag.
Gozag was aware of your devotion.
You visited 2 branches of the dungeon, and saw 8 of its levels.

You collected 562 gold pieces.
You paid 143 gold pieces to Gozag.

Inventory:

Hand Weapons
 a - a +0 war axe (weapon)
Armour
 b - a +0 scale mail
 c - a +0 kite shield (worn)
 i - a +2 chain mail of positive energy (worn)
 q - a +2 hat (worn)
Jewellery
 k - a ring of positive energy (left hand)
 t - an amulet of faith (around neck)
 y - a ring of fire (right hand)
Wands
 z - a wand of flame (19)
 A - a wand of iceblast (11)
Scrolls
 f - 2 scrolls of magic mapping {unknown}
 g - 4 scrolls of amnesia {unknown}
 l - 9 scrolls of identify {unknown}
 m - 5 scrolls of teleportation {unknown}
 n - a scroll of enchant weapon {unknown}
 o - 2 scrolls of fog {unknown}
 p - 3 scrolls of fear {unknown}
 v - 2 scrolls of random uselessness {unknown}
 w - 2 scrolls of remove curse {unknown}
 x - a scroll of blinking {unknown}
Potions
 d - 2 potions of might
 e - 3 potions of flight
 h - 7 potions of curing {unknown}
 j - a potion of ambrosia {unknown}
 r - a potion of cancellation {unknown}
 s - a potion of degeneration {unknown}
 u - a potion of heal wounds {unknown}


   Skills:
 + Level 7.6 Fighting
 + Level 3.8 Short Blades
 + Level 3.8 Long Blades
 + Level 6.0 Axes
 + Level 3.8 Maces & Flails
 + Level 3.8 Polearms
 + Level 3.8 Staves
 + Level 3.8 Slings
 + Level 3.8 Bows
 + Level 3.8 Crossbows
 + Level 3.8 Throwing
 + Level 7.6 Armour
 + Level 3.8 Dodging
 + Level 3.8 Stealth
 + Level 7.6 Shields
 + Level 3.8 Unarmed Combat
 + Level 3.8 Spellcasting
 + Level 3.1 Conjurations
 + Level 3.1 Hexes
 + Level 3.1 Summonings
 + Level 3.1 Necromancy
 + Level 3.1 Translocations
 + Level 3.1 Transmutations
 + Level 3.1 Fire Magic
 + Level 3.1 Ice Magic
 + Level 3.1 Air Magic
 + Level 3.1 Earth Magic
 + Level 3.1 Poison Magic
 + Level 4.2 Invocations
 + Level 3.8 Evocations


You had 15 spell levels left.
You didn't know any spells.
Your spell library contained the following spells:

 Spells                   Type           Power        Failure   Level
 Magic Dart               Conj           ##..         80%         1
 Searing Ray              Conj           ##....       90%         2
 Dazzling Flash           Conj/Hex       ##....       99%         3
 Fulminant Prism          Conj/Hex       ##........   100%        4
 Iskenderun's Mystic Bla  Conj/Tloc      ##......     100%        4


Dungeon Overview and Level Annotations

Branches:
Dungeon (7/15)             Temple (1/1) D:6

Altars:
Ashenzari
Dithmenos
Elyvilon
Fedhas
Gozag
Hepliaklqana
Kikubaaqudgha
Makhleb
Nemelex Xobeh
Okawaru
Qazlal
Ru
Uskayaw
Vehumet
Wu Jian
Xom
Yredelemnul
Zin
The Shining One

Shops:
D:6 (


Innate Abilities, Weirdness & Mutations

Your experience applies equally to all skills.
You have very sharp teeth.
Your uncanny sense of smell can sniff out nearby items.


Message History

The ogre hits you with a +0 giant spiked club!!
* * * LOW HITPOINT WARNING * * *
The orc warrior hits you with a +0 trident of pain!
* * * LOW HITPOINT WARNING * * *
You slash the ogre! You bite the ogre, but do no damage.
The ogre is severely wounded.
You closely miss the orc warrior. The ogre barely misses you.
You block the orc warrior's attack.
Your shield and chain mail prevent you from hitting the ogre.
The ogre is severely wounded.
You hit the orc warrior but do no damage.
The ogre barely misses you.
The orc warrior hits you but does no damage.
Unknown command.
It was a potion of flight.
You feel very buoyant.
You fly up into the air.
The ogre hits you with a +0 giant spiked club!
You die...
Your body crumbles into a pile of gold.

########
#.../..#
#......#
#......#
#.$....#
#$@....#
#O$o...#
#......#
#......#
#......#
#####.>..
.?.##
#.##


You could see an orc warrior and an ogre.

Vanquished Creatures
  Menkaure (D:5)
  2 sky beasts (D:5)
  A black bear (D:6)
  An orc warrior (D:6)
  2 ogres
  A phantom (D:4)
  A bullfrog (D:6)
  A scorpion (D:6)
  2 howler monkeys (D:5)
  A bullfrog zombie (D:2)
  A jelly (D:6)
  2 orc priests
  4 hounds
  A bullfrog skeleton (D:5)
  An iguana (D:4)
  6 orc wizards
  4 worker ants
  A worker ant zombie (D:6)
  3 adders
  A gnoll (D:1)
  A shadow imp (D:4)
  A white imp (D:6)
  5 ufetubi
  3 oozes
  An adder zombie (D:4)
  An adder skeleton (D:4)
  4 worms
  2 dart slugs
  3 leopard geckos
  21 orcs
  3 ball pythons
  5 giant cockroaches
  6 goblins
  9 hobgoblins
  5 jackals
  3 quokkas
  9 bats
  4 frilled lizards
  A jackal skeleton (D:6)
  4 kobolds
  A quokka skeleton (D:4)
  A quokka zombie (D:6)
  11 rats
141 creatures vanquished.

Notes
Turn   | Place    | Note
-------+----------+-------------------------------------------
     0 | D:1      | Maxmaps the Gnoll Fighter began the quest for the Orb.
     0 | D:1      | Reached XP level 1. HP: 23/23 MP: 1/1
    29 | D:1      | Reached XP level 2. HP: 29/29 MP: 2/2
   267 | D:1      | Reached XP level 3. HP: 23/35 MP: 3/3
   583 | D:1      | Reached skill level 1 in Invocations
   934 | D:2      | Reached skill level 1 in Short Blades
   934 | D:2      | Reached skill level 1 in Long Blades
   934 | D:2      | Reached skill level 1 in Maces & Flails
   934 | D:2      | Reached skill level 1 in Polearms
   934 | D:2      | Reached skill level 1 in Staves
   934 | D:2      | Reached skill level 1 in Slings
   934 | D:2      | Reached skill level 1 in Bows
   934 | D:2      | Reached skill level 1 in Crossbows
   934 | D:2      | Reached skill level 1 in Throwing
   934 | D:2      | Reached skill level 1 in Dodging
   934 | D:2      | Reached skill level 1 in Stealth
   934 | D:2      | Reached skill level 1 in Unarmed Combat
   934 | D:2      | Reached skill level 1 in Spellcasting
   934 | D:2      | Reached skill level 1 in Evocations
  1044 | D:2      | Reached XP level 4. HP: 41/41 MP: 5/5
  1250 | D:2      | Reached skill level 1 in Conjurations
  1250 | D:2      | Reached skill level 1 in Hexes
  1250 | D:2      | Reached skill level 1 in Summonings
  1250 | D:2      | Reached skill level 1 in Necromancy
  1250 | D:2      | Reached skill level 1 in Translocations
  1250 | D:2      | Reached skill level 1 in Transmutations
  1250 | D:2      | Reached skill level 1 in Fire Magic
  1250 | D:2      | Reached skill level 1 in Ice Magic
  1250 | D:2      | Reached skill level 1 in Air Magic
  1250 | D:2      | Reached skill level 1 in Earth Magic
  1250 | D:2      | Reached skill level 1 in Poison Magic
  1563 | D:3      | Found a radiant altar of Vehumet.
  1770 | D:2      | Reached XP level 5. HP: 47/47 MP: 5/7
  2324 | D:4      | Found a shattered altar of Ashenzari.
  2349 | D:4      | Noticed an ogre
  2359 | D:4      | Killed an ogre
  2359 | D:4      | Reached skill level 5 in Axes
  2359 | D:4      | Reached XP level 6. HP: 17/53 MP: 8/8
  2633 | D:4      | Noticed a phantom
  2638 | D:4      | Found a shadowy altar of Dithmenos.
  2656 | D:4      | Killed a phantom
  2746 | D:4      | Reached XP level 7. HP: 51/59 MP: 10/10
  3045 | D:4      | Saw a vision of the Shoals and the Spider Nest.
  3045 | D:4      | Noticed a wolf spider
  3045 | D:4      | Noticed a redback
  3045 | D:4      | Noticed a hippogriff
  3045 | D:4      | Noticed a merfolk
  3045 | D:4      | Noticed a sea snake
  3045 | D:4      | Noticed a merfolk
  3045 | D:4      | Noticed a merfolk
  3045 | D:4      | Noticed a wolf spider
  3046 | D:4      | Noticed a hippogriff
  3046 | D:4      | Noticed a merfolk
  3128 | D:4      | HP: 3/60 [poisoned by an orc wizard]
  3134 | D:4      | HP: 3/60 [poisoned by an orc wizard]
  3142 | D:4      | HP: 2/60 [poisoned by an orc wizard]
  3548 | D:5      | Entered Level 5 of the Dungeon
  3798 | D:5      | Found a basalt altar of Yredelemnul.
  3936 | D:5      | Noticed Menkaure
  3943 | D:5      | Killed Menkaure
  3943 | D:5      | Reached XP level 8. HP: 25/67 MP: 12/12
  4620 | D:6      | Found a staircase to the Ecumenical Temple.
  4671 | Temple   | Entered the Ecumenical Temple
  4699 | Temple   | Became a worshipper of Gozag Ym Sagoz the Greedy
  5236 | D:6      | Found Sahy's Weapon Shoppe.
  5371 | D:6      | Reached XP level 9. HP: 65/72 MP: 14/14
  5435 | D:6      | Found a radiant altar of Vehumet.
  5876 | D:7      | HP: 1/73 [orc warrior/+0 trident of pain (12)]
  5879 | D:7      | Mangled by an ogre

Illustrated notes

Levels and vault maps discovered:
D:1:      wander_arrival_estate, layout_loops_cross
D:2:      layout_basic
D:3:      layout_loops_cross, vehumet_crystals
D:4:      layout_gridville, grunt_dithmenos_smoke_and_mirrors,
          grunt_ashenzari_visionary [grunt_ashenzari_visionary_shoals,
          grunt_ashenzari_visionary_spider]
D:5:      layout_basic, yredelemnul_altar_generic, kennysheep_small_square,
          uniq_menkaure
D:6:      layout_rooms, minmay_temple_entry_butterflies, serial_shops, shop,
          serial_park_tiny_2, vehumet_altar_wand_db
D:7:      layout_rooms, trog_eyes_of_draining, kennysheep_generic_room_3
Temple:   regret_index_temple_sphere_string

Skill      XL: |  1  2  3  4  5  6  7  8 |
---------------+-------------------------+-----
Invocations    | 1 2 3 4 |  4.2
Short Blades   | 1 2 3 |  3.8
Long Blades    | 1 2 3 |  3.8
Maces & Flails | 1 2 3 |  3.8
Polearms       | 1 2 3 |  3.8
Staves         | 1 2 3 |  3.8
Slings         | 1 2 3 |  3.8
Bows           | 1 2 3 |  3.8
Crossbows      | 1 2 3 |  3.8
Throwing       | 1 2 3 |  3.8
Dodging        | 1 2 3 |  3.8
Stealth        | 1 2 3 |  3.8
Unarmed Combat | 1 2 3 |  3.8
Spellcasting   | 1 2 3 |  3.8
Evocations     | 1 2 3 |  3.8
Conjurations   | 1 2 3 |  3.1
Hexes          | 1 2 3 |  3.1
Summonings     | 1 2 3 |  3.1
Necromancy     | 1 2 3 |  3.1
Translocations | 1 2 3 |  3.1
Transmutations | 1 2 3 |  3.1
Fire Magic     | 1 2 3 |  3.1
Ice Magic      | 1 2 3 |  3.1
Air Magic      | 1 2 3 |  3.1
Earth Magic    | 1 2 3 |  3.1
Poison Magic   | 1 2 3 |  3.1
Axes           | 5 6 |  6.0
Fighting       | 7 |  7.6
Armour         | 7 |  7.6
Shields        | 7 |  7.6

Action                   |  1- 3 |  4- 6 |  7- 9 || total
-------------------------+-------+-------+-------++-------
Melee: War axe           |   109 |   155 |   216 ||   480
       Bite              |     3 |    14 |    39 ||    56
  Use: Potion            |       |       |     1 ||     1
Armor: Scale mail        |    26 |       |       ||    26
       Chain mail        |    20 |    75 |   180 ||   275
Dodge: Dodged            |    27 |    39 |   100 ||   166
Block: Kite shield       |    75 |   104 |   140 ||   319

Table legend: (Time is in decaauts)
 A = Elapsed time spent in this place.
 B = Non-inter-level travel time spent in this place.
 C = Inter-level travel time spent in this place.
 D = Time resting spent in this place.
 E = Time spent auto-exploring this place.
 F = Levels seen in this place.
 G = Mean time per level.
                   A        B        C        D        E       F      G
               +--------+--------+--------+--------+--------+-----+--------+
         Total |   6023 |   5918 |    105 |   1360 |   3353 |   8 |  752.9 |
       Dungeon |   5865 |   5768 |     97 |   1360 |   3207 |   7 |  837.9 |
        Temple |    157 |    149 |      8 |      0 |    146 |   1 |  157.0 |
               +--------+--------+--------+--------+--------+-----+--------+

Top non-repeatable levels by time:
     D:4: 1411 daAuts
     D:6: 1123 daAuts
     D:5: 1086 daAuts
     D:1: 925 daAuts
     D:3: 700 daAuts
     D:2: 606 daAuts
  Temple: 157 daAuts
     D:7: 10 daAuts
